 Dungeon Crawl Stone Soup version 0.22.0 (webtiles) character file.

1974 Blackhawk the Shield-Bearer (level 9, -2/72 (73) HPs)
             Began as a Gnoll Fighter on Oct 22, 2018.
             Was a Priest of Okawaru.
             Killed by divine providence
             ... invoked by an orc priest
              (12 damage)
             ... on level 7 of the Dungeon.
             The game lasted 00:13:38 (6627 turns).

Blackhawk the Shield-Bearer (Gnoll Fighter)         Turns: 6627, Time: 00:13:39

HP:   -2/72 (73)    AC: 13    Str: 23    XL:     9   Next: 20%
MP:   14/14         EV: 11    Int: 10    God:    Okawaru [***...]
Gold: 253           SH: 11    Dex: 14    Spells: 15/15 levels left

rFire    . . .     SeeInvis .   m - +1 mace (protect)
rCold    . . .     Gourm    .   c - +0 shield
rNeg     + . .     Faith    +   y - +0 ring mail {rN+}
rPois    .         Spirit   .   (no helmet)
rElec    .         Reflect  .   (no cloak)
rCorr    .         Harm     .   (no gloves)
MR       .....                  (no boots)
Stlth    +.........             k - amulet of faith
HPRegen  0.22/turn              b - ring of attention (curse)
MPRegen  0.14/turn              (no ring)

@: protection aura
A: distributed training, fangs 1, strong nose
a: Heroism, Renounce Religion


You were on level 7 of the Dungeon.
You worshipped Okawaru.
Okawaru was most pleased with you.
You were not hungry.

You visited 2 branches of the dungeon, and saw 8 of its levels.

You collected 253 gold pieces.

Inventory:

Hand Weapons
 a - a +0 flail
 m - a +1 mace of protection (weapon)
 t - a +0 hunting sling
Missiles
 l - 69 sling bullets
Armour
 c - a +0 shield (worn)
 p - a +0 cloak
 y - a +0 ring mail of positive energy (worn)
Jewellery
 b - a cursed ring of attention (left hand)
 k - an amulet of faith (around neck)
Scrolls
 g - 4 scrolls of identify
 h - a scroll of enchant weapon
 j - a scroll of teleportation
 o - a scroll of magic mapping
 q - a scroll of fog
Potions
 d - 2 potions of might
 e - a potion of degeneration {unknown}
 i - 3 potions of curing
 n - 2 potions of heal wounds {unknown}
 r - a potion of mutation {unknown}
 u - a potion of brilliance {unknown}
 v - a potion of flight {unknown}
 z - a potion of magic {unknown}
Comestibles
 f - 10 rations


   Skills:
 + Level 7.7 Fighting
 + Level 3.9 Short Blades
 + Level 3.9 Long Blades
 + Level 3.9 Axes
 + Level 6.1 Maces & Flails
 + Level 3.9 Polearms
 + Level 3.9 Staves
 + Level 3.9 Slings
 + Level 3.9 Bows
 + Level 3.9 Crossbows
 + Level 3.9 Throwing
 + Level 7.7 Armour
 + Level 3.9 Dodging
 + Level 3.9 Stealth
 + Level 7.7 Shields
 + Level 3.9 Unarmed Combat
 + Level 3.9 Spellcasting
 + Level 3.2 Conjurations
 + Level 3.2 Hexes
 + Level 3.2 Charms
 + Level 3.2 Summonings
 + Level 3.2 Necromancy
 + Level 3.2 Translocations
 + Level 3.2 Transmutations
 + Level 3.2 Fire Magic
 + Level 3.2 Ice Magic
 + Level 3.2 Air Magic
 + Level 3.2 Earth Magic
 + Level 3.2 Poison Magic
 + Level 4.3 Invocations
 + Level 3.9 Evocations


You had 15 spell levels left.
You didn't know any spells.
Your spell library contained the following spells:

 Spells                   Type           Power        Failure   Level  Hunger
 Fireball                 Conj/Fire      #.........   100%        5    ######.
 Apportation              Tloc           #.....       26%         1    #......
 Conjure Flame            Conj/Fire      #.......     61%         3    ###....
 Throw Flame              Conj/Fire      #.....       36%         2    ###....
 Summon Small Mammal      Summ           #...         26%         1    #......
 Animate Skeleton         Necr           N/A          26%         1    #......
 Sticky Flame             Conj/Fire      #.......     95%         4    #####..
 Confusing Touch          Hex            #.....       26%         1    #......
 Flame Tongue             Conj/Fire      #....        26%         1    #......
 Inner Flame              Hex/Fire       #.......     61%         3    ###....


Dungeon Overview and Level Annotations

Branches:
Dungeon (7/15)             Temple (1/1) D:5

Altars:
Ashenzari
Cheibriados
Dithmenos
Elyvilon
Fedhas
Gozag
Hepliaklqana
Kikubaaqudgha
Makhleb
Nemelex Xobeh
Okawaru
Qazlal
Ru
Sif Muna
Trog
Uskayaw
Vehumet
Wu Jian
Xom
Yredelemnul
Zin
The Shining One

Annotations:
D:5 2 transporters, lepoulpe303's ghost, amateur SpAK


Innate Abilities, Weirdness & Mutations

Your experience applies equally to all skills.
You have very sharp teeth.
Your uncanny sense of smell can sniff out nearby items.


Message History

You block the orc's attack.
You closely miss the orc.
The orc is severely wounded.
You block the orc's attack.
You hit the orc.
You kill the orc!
Okawaru accepts your kill. The adder barely misses you.
You hit the adder.
The adder is heavily wounded.
You block the adder's attack.
You hit the adder.
The adder is almost dead.
You block the adder's attack. x2
You completely miss the adder.
The adder is almost dead.
The adder misses you.
The orc priest mumbles some strange prayers to Beogh against you.
Beogh smites you!
You die...

..... .... ... #..
ro o# ##S# #@# #.#
##.# #.## ##.####
##..#..###
#........###
.$............##
................##


You could see an orc priest, an adder, an orc and a quokka.

Vanquished Creatures
  A hippogriff (D:7)
  Eustachio (D:6)
  A water moccasin (D:6)
  2 ice beasts (D:6)
  An orc warrior (D:7)
  3 ogres
  A necrophage (D:6)
  2 sky beasts
  A bullfrog (D:6)
  A wyvern skeleton (D:7)
  A crimson imp (D:6)
  2 bullfrog zombies
  A jelly (D:6)
  2 hounds
  2 centaur skeletons
  7 worker ants
  2 orc wizards
  A hound zombie (D:6)
  4 adders
  A shadow imp (D:5)
  An ooze (D:3)
  2 adder zombies (D:6)
  2 adder skeletons (D:6)
  A worm (D:3)
  A dart slug (D:2)
  4 leopard geckos
  14 orcs
  3 ball pythons
  6 giant cockroaches
  5 hobgoblins
  2 jackals (D:3)
  5 kobolds
  4 quokkas
  8 bats
  4 frilled lizards
  6 goblins
  A jackal skeleton (D:6)
  A leopard gecko skeleton (D:4)
  A quokka zombie (D:6)
  5 rats
113 creatures vanquished.

Notes
Turn   | Place    | Note
-------+----------+-------------------------------------------
     0 | D:1      | Blackhawk the Gnoll Fighter began the quest for the Orb.
     0 | D:1      | Reached XP level 1. HP: 23/23 MP: 1/1
   400 | D:1      | Reached XP level 2. HP: 29/29 MP: 2/2
  1093 | D:2      | Found a glowing golden altar of the Shining One.
  1752 | D:2      | Reached XP level 3. HP: 35/35 MP: 3/3
  1870 | D:2      | Found a white marble altar of Elyvilon.
  2099 | D:3      | Reached skill level 1 in Invocations
  2230 | D:3      | Reached skill level 1 in Short Blades
  2230 | D:3      | Reached skill level 1 in Long Blades
  2230 | D:3      | Reached skill level 1 in Axes
  2230 | D:3      | Reached skill level 1 in Polearms
  2230 | D:3      | Reached skill level 1 in Staves
  2230 | D:3      | Reached skill level 1 in Slings
  2230 | D:3      | Reached skill level 1 in Bows
  2230 | D:3      | Reached skill level 1 in Crossbows
  2230 | D:3      | Reached skill level 1 in Throwing
  2230 | D:3      | Reached skill level 1 in Dodging
  2230 | D:3      | Reached skill level 1 in Stealth
  2230 | D:3      | Reached skill level 1 in Unarmed Combat
  2230 | D:3      | Reached skill level 1 in Spellcasting
  2230 | D:3      | Reached skill level 1 in Evocations
  2262 | D:3      | Reached XP level 4. HP: 41/41 MP: 5/5
  2875 | D:3      | Reached skill level 1 in Conjurations
  2875 | D:3      | Reached skill level 1 in Hexes
  2875 | D:3      | Reached skill level 1 in Charms
  2875 | D:3      | Reached skill level 1 in Summonings
  2875 | D:3      | Reached skill level 1 in Necromancy
  2875 | D:3      | Reached skill level 1 in Translocations
  2875 | D:3      | Reached skill level 1 in Transmutations
  2875 | D:3      | Reached skill level 1 in Fire Magic
  2875 | D:3      | Reached skill level 1 in Ice Magic
  2875 | D:3      | Reached skill level 1 in Air Magic
  2875 | D:3      | Reached skill level 1 in Earth Magic
  2875 | D:3      | Reached skill level 1 in Poison Magic
  2875 | D:3      | Reached XP level 5. HP: 47/47 MP: 6/6
  3361 | D:4      | Noticed an ogre
  3369 | D:4      | Killed an ogre
  3369 | D:4      | Reached XP level 6. HP: 20/53 MP: 8/8
  3617 | D:4      | Reached skill level 5 in Maces & Flails
  4064 | D:5      | Entered Level 5 of the Dungeon
  4064 | D:5      | Found a transporter.
  4064 | D:5      | Found a transporter.
  4064 | D:5      | Noticed lepoulpe303's ghost (amateur SpAK)
  4127 | D:5      | Found a staircase to the Ecumenical Temple.
  4239 | Temple   | Entered the Ecumenical Temple
  4307 | Temple   | Became a worshipper of Warmaster Okawaru
  4383 | D:5      | Noticed a sky beast
  4396 | D:5      | Killed a sky beast
  4396 | D:5      | Reached XP level 7. HP: 59/59 MP: 10/10
  4480 | D:5      | Reached * piety under Okawaru
  5081 | D:6      | Noticed Eustachio
  5313 | D:6      | Killed Eustachio
  5313 | D:6      | Reached XP level 8. HP: 55/67 MP: 10/12
  5367 | D:6      | Reached ** piety under Okawaru
  6572 | D:7      | Noticed a hippogriff
  6587 | D:7      | Killed a hippogriff
  6587 | D:7      | Reached *** piety under Okawaru
  6587 | D:7      | Reached XP level 9. HP: 61/72 MP: 14/14
  6627 | D:7      | Killed from afar by an orc priest

Skill      XL: |  1  2  3  4  5  6  7  8 |
---------------+-------------------------+-----
Invocations    | 1 2 3 4 |  4.3
Short Blades   | 1 2 3 |  3.9
Long Blades    | 1 2 3 |  3.9
Axes           | 1 2 3 |  3.9
Polearms       | 1 2 3 |  3.9
Staves         | 1 2 3 |  3.9
Slings         | 1 2 3 |  3.9
Bows           | 1 2 3 |  3.9
Crossbows      | 1 2 3 |  3.9
Throwing       | 1 2 3 |  3.9
Dodging        | 1 2 3 |  3.9
Stealth        | 1 2 3 |  3.9
Unarmed Combat | 1 2 3 |  3.9
Spellcasting   | 1 2 3 |  3.9
Evocations     | 1 2 3 |  3.9
Conjurations   | 1 2 3 |  3.2
Hexes          | 1 2 3 |  3.2
Charms         | 1 2 3 |  3.2
Summonings     | 1 2 3 |  3.2
Necromancy     | 1 2 3 |  3.2
Translocations | 1 2 3 |  3.2
Transmutations | 1 2 3 |  3.2
Fire Magic     | 1 2 3 |  3.2
Ice Magic      | 1 2 3 |  3.2
Air Magic      | 1 2 3 |  3.2
Earth Magic    | 1 2 3 |  3.2
Poison Magic   | 1 2 3 |  3.2
Maces & Flails | 5 6 |  6.1
Fighting       | 7 |  7.7
Armour         | 7 |  7.7
Shields        | 7 |  7.7

Action                   |  1- 3 |  4- 6 |  7- 9 || total
-------------------------+-------+-------+-------++-------
Melee: Flail             |    91 |       |       ||    91
       Bite              |     5 |    18 |    58 ||    81
       Mace              |    10 |   144 |   337 ||   491
  Use: Scroll            |       |       |     7 ||     7
  Eat: Chunk             |     4 |     4 |     2 ||    10
       Ration            |       |     1 |     2 ||     3
Armor: Scale mail        |    28 |    51 |    92 ||   171
       Ring mail         |       |       |    43 ||    43
Dodge: Dodged            |    34 |    43 |   128 ||   205
Block: Shield            |    54 |    87 |   200 ||   341
